 Dungeon Crawl Stone Soup version 0.19.4-8-ga85b6b9 (webtiles) character file.

229 Naow the Magician (level 5, -1/28 HPs)
             Began as a Deep Elf Fire Elementalist on Feb 15, 2017.
             Slain by an ogre
             ... wielding a +0 giant club
              (29 damage)
             ... on level 4 of the Dungeon.
             The game lasted 00:03:42 (3477 turns).

Naow the Magician (Deep Elf Fire Elementalist)      Turns: 3477, Time: 00:03:43

Health: -1/28      AC:  3    Str:  5    XL:     5   Next: 71%
Magic:  22/23      EV: 12    Int: 21    God:
Gold:   166        SH:  0    Dex: 15    Spells: 3 memorised, 8 levels left

rFire  . . .     SeeInvis .     (no weapon)
rCold  . . .     Gourm    .     a - +0 robe
rNeg   . . .     Faith    .     (no shield)
rPois  .         Spirit   .     (no helmet)
rElec  .         Reflect  .     (no cloak)
rCorr  .         Harm     .     x - +0 pair of gloves
MR     .....                    (no boots)
Stlth  ++........               (no amulet)
                                (no ring)
                                s - ring of magical power

@: drained
A: no striking features
a: no special abilities


You were on level 4 of the Dungeon.
You were not hungry.

You visited 1 branch of the dungeon, and saw 4 of its levels.

You collected 166 gold pieces.

Inventory:

Armour
 a - a +0 robe (worn)
 x - a +0 pair of gloves (worn)
Jewellery
 s - a ring of magical power (left hand)
 C - a +3 ring of evasion {unknown}
Wands
 n - a wand of lightning (9/15)
 y - a wand of confusion (38/48)
Scrolls
 e - 3 scrolls of identify {unknown}
 g - 4 scrolls of remove curse {unknown}
 k - 2 scrolls of magic mapping {unknown}
 l - 2 scrolls of enchant armour {unknown}
 o - a scroll of amnesia {unknown}
 p - 2 scrolls of noise {unknown}
 t - a scroll of enchant weapon {unknown}
 w - a scroll of random uselessness {unknown}
 E - a scroll of blinking {unknown}
Potions
 d - 3 potions of flight {unknown}
 f - 2 potions of degeneration {unknown}
 i - a potion of magic {unknown}
 j - a potion of curing {unknown}
 m - a potion of invisibility {unknown}
 q - 2 potions of mutation {unknown}
 r - a potion of berserk rage {unknown}
 u - a potion of agility {unknown}
 v - a potion of resistance {unknown}
 z - 2 potions of cancellation {unknown}
 B - 2 potions of heal wounds {unknown}
Books
 b - a book of Flames

   Spells                             Type                      Level
   a - Flame Tongue                   Conjuration/Fire             1
   b - Throw Flame                    Conjuration/Fire             2
   c - Conjure Flame                  Conjuration/Fire             3
   d - Inner Flame                    Hexes/Fire                   3
   e - Sticky Flame                   Conjuration/Fire             4
   f - Fireball                       Conjuration/Fire             5
Comestibles
 c - 2 bread rations
 h - 2 royal jellies
 D - 2 meat rations


   Skills:
 - Level 2.4(1.4) Dodging
 - Level 2.4(1.4) Stealth
 + Level 5.0(3.9) Spellcasting
 + Level 3.8(2.7) Conjurations
 + Level 5.0(3.9) Fire Magic


You had 8 spell levels left.
You knew the following spells:

 Your Spells              Type           Power        Failure   Level  Hunger
a - Flame Tongue          Conj/Fire      ###..        3%          1    None
b - Throw Flame           Conj/Fire      ###...       6%          2    #......
c - Conjure Flame         Conj/Fire      ###.....     12%         3    ###....


Dungeon Overview and Level Annotations

Branches:
Dungeon (4/15)
 Temple: D:4-7

Altars:
Kikubaaqudgha
Vehumet
Yredelemnul
Zin


Message History

Confirm with . or Enter, or press ? or * to list all spells.
Aiming: Flame Tongue
Press: ? - help, Shift-Dir - straight line, f - ogre
Aim: an ogre, wielding a giant club The flame tongue hits the ogre.
The ogre is heavily wounded.
The ogre barely misses you.
Casting: Flame Tongue
Confirm with . or Enter, or press ? or * to list all spells.
You don't know that spell.
Casting: Flame Tongue
Confirm with . or Enter, or press ? or * to list all spells.
Aiming: Flame Tongue
Press: ? - help, Shift-Dir - straight line, f/p - ogre
Aim: an ogre, wielding a giant club (moderately wounded)
The flame tongue hits the ogre.
The ogre is heavily wounded.
The ogre hits you with a giant club!!
Ouch! That really hurt!
You die...

.........#..........#
###
.........#..........#
.....#####..........#
..##................#
..##............#.#####
###...................#
#...........รท.......#
#...................#
#............O@.....#
#..............####.#
##............##
##..........##
############


You could see an ogre.

Vanquished Creatures
  An orc wizard (D:4)
  Jessica (D:2)
  Terence (D:3)
  A hound skeleton (D:4)
  5 adders
  2 oozes (D:1)
  2 worms (D:2)
  3 dart slugs
  3 leopard geckos
  7 orcs
  A ball python (D:1)
  5 bats
  2 giant cockroaches
  5 hobgoblins
  5 jackals
  A quokka (D:4)
  3 frilled lizards
  7 goblins
  8 kobolds
  6 rats
69 creatures vanquished.

Notes
Turn   | Place    | Note
-------+----------+-------------------------------------------
     0 | D:1      | Naow the Deep Elf Fire Elementalist began the quest for the Orb.
     0 | D:1      | Reached XP level 1. HP: 10/10 MP: 6/6
   205 | D:1      | Reached XP level 2. HP: 15/15 MP: 2/8
   697 | D:1      | Reached XP level 3. HP: 19/19 MP: 6/9
  1079 | D:2      | Learned a level 2 spell: Throw Flame
  1083 | D:2      | Learned a level 3 spell: Conjure Flame
  1352 | D:2      | Reached XP level 4. HP: 16/24 MP: 0/12
  1699 | D:2      | Noticed Jessica
  1703 | D:2      | Killed Jessica
  2615 | D:3      | Noticed Terence
  2620 | D:3      | Killed Terence
  2620 | D:3      | Reached XP level 5. HP: 28/28 MP: 13/13
  3077 | D:4      | Found a basalt altar of Yredelemnul.
  3194 | D:4      | Found a radiant altar of Vehumet.
  3194 | D:4      | Found a glowing silver altar of Zin.
  3195 | D:4      | Found an ancient bone altar of Kikubaaqudgha.
  3320 | D:4      | Reached skill level 5 in Spellcasting
  3392 | D:4      | Reached skill level 5 in Fire Magic
  3467 | D:4      | Noticed an ogre
  3477 | D:4      | Slain by an ogre

Skill      XL: |  1  2  3  4  5 |
---------------+----------------+-----
Conjurations   | 2 3 |  3.8
Fire Magic     | 4 5 |  5.0
Spellcasting   | 4 5 |  5.0
Dodging        | |  2.4
Stealth        | |  2.4

Action                   |  1- 3 |  4- 6 || total
-------------------------+-------+-------++-------
Melee: Unarmed           |    10 |     1 ||    11
 Cast: Flame Tongue      |    74 |    64 ||   138
       Throw Flame       |       |     5 ||     5
  Eat: Chunk             |     1 |     7 ||     8
Armor: Robe              |     9 |       ||     9
Dodge: Dodged            |    37 |    17 ||    54
